[Event "Early Titled Tuesday Blitz | February 8 2022"]
[White "Dauner, Benedikt"]
[Black "Moiseenko, Alexander"]
[WhiteFideId "16225899"]
[BlackFideId "14102560"]
[WhiteElo "2230"]
[BlackElo "2577"]
[Result "0-1"]
[Round "05"]
[TimeControl "180+1"]
[Date "2022.02.08"]
[WhiteClock "0:00:02"]
[BlackClock "0:00:09"]

1. d4 Nf6 2. Nf3 c5 3. d5 e6 4. Nc3 b5 5. Nxb5 exd5 6. e3 Bb7 7. Be2 Be7 8. O-O O-O 9. b3 a6 10. Nc3 d6 11. Bb2 Nbd7 12. Nh4 Re8 13. Nf5 Bf8 14. Bf3 Nb6 15. a4 a5 16. Nb5 g6 17. Ng3 Bg7 18. Ne2 Qe7 19. Nf4 g5 20. Nh5 Nxh5 21. Bxg7 Nxg7 22. c4 f5 23. Bxd5+ Nxd5 24. cxd5 Rad8 25. Qd2 Nh5 26. Rfd1 Nf6 27. Qxa5 Bxd5 28. Qc3 Qe4 29. f3 Qxe3+ 30. Qxe3 Rxe3 31. a5 Bxb3 32. Rxd6 Rxd6 33. Nxd6 Re6 34. a6 Rxd6 35. a7 Bd5 36. a8=Q+ Bxa8 37. Rxa8+ Kf7 38. Rc8 Rd5 39. Rc7+ Kg6 40. h3 h6 41. Kh2 f4 42. Kg1 Re5 43. Kh2 h5 44. Rc6 h4 45. Ra6 Kf5 46. Rc6 Nh5 47. Rc8 Ng3 48. Rf8+ Ke6 49. Re8+ Kd6 50. Rd8+ Kc7 51. Ra8 c4 52. Ra4 Rc5 53. Ra2 c3 54. Ra7+ Kb6 55. Ra8 Nf1+ 56. Kg1 c2 0-1


[Site "https://www.chess.com"]

[Event "Early Titled Tuesday Blitz | February 8 2022"]
[White "De Silva, L M S T"]
[Black "Dobrov, Vladimir"]
[WhiteFideId "9953698"]
[BlackFideId "4136594"]
[WhiteElo "1631"]
[BlackElo "2614"]
[Result "0-1"]
[Round "05"]
[TimeControl "180+1"]
[Date "2022.02.08"]
[WhiteClock "0:00:05"]
[BlackClock "0:00:09"]

1. e4 c5 2. Nf3 Nc6 3. Bb5 e6 4. O-O Nge7 5. Re1 a6 6. Bf1 d5 7. exd5 Qxd5 8. Nc3 Qd8 9. g3 Nf5 10. Bg2 Be7 11. a4 O-O 12. d3 Ra7 13. b3 b6 14. Bb2 Rd7 15. Ne4 Bb7 16. Qc1 Qc7 17. Rb1 h6 18. h4 Nfd4 19. Nxd4 Nxd4 20. Qd1 f5 21. Nd2 Bxg2 22. Kxg2 e5 23. Nf3 Bf6 24. Bxd4 cxd4 25. Qd2 Qc6 26. Qe2 Re8 27. Kg1 e4 28. Nd2 e3 29. Nf3 Rc7 30. Rbc1 g5 31. h5 g4 32. Nh2 Qd6 33. Nf1 f4 34. Qxg4+ Rg7 35. Qf3 fxg3 36. Nxg3 Rf8 37. Kh1 Be5 38. Nf5 Rg5 39. Rg1 Qe6 40. Nxh6+ Qxh6 41. Qh3 exf2 42. Rxg5+ Qxg5 43. Rf1 Kh8 44. Rxf2 Rxf2 45. Qc8+ Qg8 46. Qc6 Rh2# 0-1


[Site "https://www.chess.com"]

[Event "Early Titled Tuesday Blitz | February 8 2022"]
[White "De Souza, Cristiano Gomes"]
[Black "Al Mukhaini, Shima"]
[WhiteFideId "2151758"]
[BlackFideId "22005854"]
[WhiteElo "2068"]
[BlackElo "2385"]
[Result "0-1"]
[Round "05"]
[TimeControl "180+1"]
[Date "2022.02.08"]
[WhiteClock "0:00:45"]
[BlackClock "0:00:46"]

1. d4 e5 2. dxe5 Nc6 3. Nf3 Qe7 4. Bf4 Qb4+ 5. Bd2 Qxb2 6. Nc3 a6 7. Rb1 Qa3 8. e4 b5 9. Rb3 Qc5 10. Be3 Qe7 11. Nd5 Qd8 12. Be2 Nge7 13. O-O Ng6 14. Bd4 Nxd4 15. Qxd4 c6 16. Ne3 Be7 17. Nf5 O-O 18. Rd1 f6 19. c4 fxe5 20. Nxe5 Bf6 21. Nxg6 Bxd4 22. Nge7+ Kh8 23. Rxd4 g6 24. Nxg6+ hxg6 25. Rh3+ Kg8 26. cxb5 gxf5 27. exf5 Qf6 28. Bc4+ d5 29. Rg4+ Kf7 30. Bf1 Bxf5 0-1


[Site "https://www.chess.com"]

[Event "Early Titled Tuesday Blitz | February 8 2022"]
[White "Dejmek, Mark"]
[Black "Ashwin, Jayaram"]
[WhiteFideId "2017628"]
[BlackFideId "5018137"]
[WhiteElo "2187"]
[BlackElo "2461"]
[Result "0-1"]
[Round "05"]
[TimeControl "180+1"]
[Date "2022.02.08"]
[WhiteClock "0:00:10"]
[BlackClock "0:01:51"]

1. Nf3 d5 2. e3 c5 3. c4 d4 4. exd4 cxd4 5. d3 Nc6 6. g3 e5 7. Bg2 Bb4+ 8. Nbd2 a5 9. O-O Nge7 10. a3 Bd6 11. Ne4 Bc7 12. Rb1 f5 13. Nc5 b6 14. Na4 O-O 15. Re1 h6 16. Nxe5 Bxe5 17. Rxe5 Nxe5 18. Bxa8 Bd7 19. Bg2 Bc6 20. Bxc6 N7xc6 21. b4 Ne7 22. Bf4 N7c6 23. c5 axb4 24. axb4 Ng6 25. Bd6 Rf6 26. Nxb6 Rxd6 27. cxd6 Qxb6 28. Qb3+ Kh7 29. Qe6 Nce5 30. b5 Nf3+ 31. Kf1 Nd2+ 32. Ke2 Nxb1 33. Qxf5 Qxd6 0-1


[Site "https://www.chess.com"]

[Event "Early Titled Tuesday Blitz | February 8 2022"]
[White "Delorme, Alban"]
[Black "Silich, Yahor"]
[WhiteFideId "623636"]
[BlackFideId "13513656"]
[WhiteElo "2197"]
[BlackElo "2101"]
[Result "0-1"]
[Round "05"]
[TimeControl "180+1"]
[Date "2022.02.08"]
[WhiteClock "0:00:02"]
[BlackClock "0:00:04"]

1. e4 c5 2. Nf3 Nc6 3. d4 cxd4 4. Nxd4 Qb6 5. Nb3 Nf6 6. Be3 Qc7 7. Nc3 e6 8. Be2 Bb4 9. f3 d5 10. exd5 Nxd5 11. Bd2 Nxc3 12. Bxc3 Bxc3+ 13. bxc3 O-O 14. O-O Rd8 15. Qe1 b6 16. Bd3 Bb7 17. Qh4 g6 18. Nd2 Ne5 19. Ne4 Bxe4 20. Bxe4 Rac8 21. Rad1 Rxd1 22. Rxd1 Qxc3 23. Qf6 Qc5+ 24. Kh1 Qc7 25. h4 a5 26. h5 gxh5 27. Qg5+ Ng6 28. Qxh5 Rd8 29. Rg1 Qf4 30. g3 Qf6 31. Rg2 Rd1+ 32. Kh2 Kg7 33. f4 Re1 34. Bd3 a4 35. Rf2 Qd4 36. Kg2 Qd5+ 37. Qxd5 exd5 38. Rd2 Ne7 39. Kf2 Ra1 40. c3 a3 41. Re2 Kf6 42. g4 Nc6 43. g5+ Kg7 44. Kf3 Rc1 45. Rh2 Rxc3 46. Ke2 Nd4+ 47. Kd2 Nf3+ 48. Kxc3 Nxh2 49. Kb3 h6 50. Kxa3 hxg5 51. fxg5 Nf3 52. Kb3 Nxg5 53. Kb4 Nf3 54. Kb5 Ne5 55. Be2 d4 56. Kxb6 d3 57. Bd1 Nc4+ 58. Kc5 Ne3 59. Bf3 d2 60. a4 d1=Q 61. Bxd1 Nxd1 62. a5 Nb2 63. a6 Nd3+ 0-1


[Site "https://www.chess.com"]

[Event "Early Titled Tuesday Blitz | February 8 2022"]
[White "Demin, Vladimir"]
[Black "Moskvin, Anatoly"]
[WhiteFideId "4167457"]
[BlackFideId "24199990"]
[WhiteElo "2498"]
[BlackElo "2079"]
[Result "1-0"]
[Round "05"]
[TimeControl "180+1"]
[Date "2022.02.08"]
[WhiteClock "0:00:05"]
[BlackClock "0:00:05"]

1. e4 e5 2. Nf3 Nc6 3. Bb5 Nge7 4. Nc3 a6 5. Ba4 d6 6. O-O Bd7 7. d3 Ng6 8. Bb3 Be7 9. d4 Bg4 10. h3 Bxf3 11. Qxf3 O-O 12. dxe5 Nd4 13. Qd1 Nxb3 14. axb3 dxe5 15. Be3 Qxd1 16. Rfxd1 Rfd8 17. Nd5 Bd6 18. Kf1 Nf8 19. c3 Ne6 20. b4 c6 21. Nb6 Rab8 22. g3 Bc7 23. h4 h5 24. Ke2 f6 25. Nd7 Ra8 26. Nb6 Rab8 27. Rd2 Kf7 28. Rad1 Rxd2+ 29. Rxd2 Rd8 30. Rxd8 Bxd8 31. Kd3 Bxb6 32. Bxb6 g5 33. Be3 g4 34. Kc4 b5+ 35. Kd3 Kg6 36. Bc5 f5 37. Be3 f4 38. gxf4 exf4 39. Ba7 Kf6 40. Bb8 f3 41. Bg3 Nf8 42. Ke3 Ne6 43. Bb8 Kg6 44. Bh2 Kf6 45. Bg3 Kg6 46. Be5 Kf7 47. Bd4 Kg6 48. Bh8 Kh7 49. Bd4 Kg6 50. Be5 Kf7 51. Bb8 Kg6 52. Kd3 Kf7 53. b3 Kg6 54. Ke3 Kf7 55. e5 Kg6 56. Ke4 Nf8 57. Ba7 Ne6 58. Be3 Nf8 59. Kf4 Ne6+ 60. Ke4 Nf8 61. c4 Ne6 62. Ba7 Nf8 63. Bc5 Ne6 64. Bd6 Kf7 65. Bb8 Kg6 66. Ba7 Kf7 67. Be3 Kg6 68. Bb6 Kf7 69. Kf5 Ng7+ 70. Kg5 Ke6 71. Kh6 Nf5+ 72. Kxh5 g3 73. fxg3 Nxg3+ 74. Kg4 Nf5 75. h5 Kxe5 76. Kxf3 Kf6 77. Kg4 Nd6 78. Bd8+ Kg7 79. c5 Ne4 80. Bg5 Nd2 81. Kf5 Nxb3 82. h6+ Kh7 83. Ke6 a5 84. bxa5 Nxa5 85. Kd6 Nb3 86. Kxc6 Nd4+ 87. Kd5 Nf3 88. Be3 b4 89. c6 b3 90. c7 b2 91. c8=Q b1=Q 92. Qd7+ Kg6 93. Qg7+ Kh5 94. Qf7+ Kh4 95. Qf4+ Kh5 96. Qxf3+ Kg6 97. Qg4+ Kh7 98. Qg7# 1-0


[Site "https://www.chess.com"]

[Event "Early Titled Tuesday Blitz | February 8 2022"]
[White "Dobre, Claudiu-Cristian"]
[Black "Araujo Sanchez, Josue"]
[WhiteFideId "1211854"]
[BlackFideId "6416896"]
[WhiteElo "2207"]
[BlackElo "2357"]
[Result "0-1"]
[Round "05"]
[TimeControl "180+1"]
[Date "2022.02.08"]
[WhiteClock "0:00:09"]
[BlackClock "0:02:20"]

1. c4 e6 2. Nf3 d5 3. e3 Nd7 4. b3 Ngf6 5. Bb2 Bd6 6. Nc3 O-O 7. Nb5 Be7 8. cxd5 exd5 9. Qc2 c6 10. Nbd4 Re8 11. Nf5 Bf8 12. h4 a5 13. h5 h6 14. N3d4 Nc5 15. f3 Qb6 16. g4 a4 17. Kf2 axb3 18. axb3 Rxa1 19. Bxa1 Bd7 20. Qc3 Nce4+ 21. fxe4 Nxe4+ 22. Kf3 Nxc3 23. Bxc3 c5 24. Ne2 d4 25. Nfxd4 cxd4 26. Nxd4 Qxd4 27. Bxd4 Bc6+ 28. Kf2 Bxh1 29. Bc4 Bc6 30. d3 Be7 31. Bb6 Bd8 32. Bxd8 Rxd8 33. d4 Bd5 34. Kg3 Bxc4 35. bxc4 b6 36. Kf4 Rc8 37. Ke5 Rxc4 38. Kd6 Kf8 39. Kd7 b5 40. e4 Rxd4+ 0-1


[Site "https://www.chess.com"]

[Event "Early Titled Tuesday Blitz | February 8 2022"]
[White "Domingo Nunez, Alejandro"]
[Black "Hoffmann, Asa"]
[WhiteFideId "22245561"]
[BlackFideId "2001470"]
[WhiteElo "2215"]
[BlackElo "2117"]
[Result "1-0"]
[Round "05"]
[TimeControl "180+1"]
[Date "2022.02.08"]
[WhiteClock "0:01:29"]
[BlackClock "0:01:18"]

1. c4 Nf6 2. Nc3 d6 3. d4 Bf5 4. f3 e5 5. e4 exd4 6. Qxd4 Be6 7. Be3 Nbd7 8. h4 g6 9. h5 c6 10. hxg6 fxg6 11. Nh3 Bxh3 12. Rxh3 Qe7 13. O-O-O O-O-O 14. Qxa7 Bg7 15. Na4 d5 16. cxd5 cxd5 17. Kb1 Nb8 18. Rc1+ Nc6 19. Rxc6+ 1-0


[Site "https://www.chess.com"]

[Event "Early Titled Tuesday Blitz | February 8 2022"]
[White "Dovbnia, Nikita"]
[Black "Wahedi, Ahmad Siar"]
[WhiteFideId "54104599"]
[BlackFideId "4651260"]
[WhiteElo "2111"]
[BlackElo "2364"]
[Result "0-1"]
[Round "05"]
[TimeControl "180+1"]
[Date "2022.02.08"]
[WhiteClock "0:00:17"]
[BlackClock "0:01:27"]

1. Nf3 Nf6 2. g3 g6 3. Bg2 Bg7 4. O-O O-O 5. d4 d6 6. c4 Nc6 7. Nc3 e5 8. d5 Nb8 9. e4 a5 10. h3 Na6 11. Be3 Nc5 12. Bxc5 dxc5 13. Qe2 Ne8 14. Qe3 b6 15. Rad1 Bd7 16. Nd2 Nd6 17. f4 Qe7 18. Kh1 Rae8 19. fxe5 Qxe5 20. Kh2 Qd4 21. Qxd4 cxd4 22. Ne2 f5 23. exf5 Rxe2 24. fxg6 hxg6 25. Rxf8+ Kxf8 26. Nf3 Nxc4 27. Nxd4 Rxg2+ 28. Kh1 Rxb2 29. Ne6+ Bxe6 30. dxe6 Nd6 31. Rf1+ Ke7 0-1


[Site "https://www.chess.com"]

[Event "Early Titled Tuesday Blitz | February 8 2022"]
[White "Dzhaparov, Medet"]
[Black "Roman, Rodrigo"]
[WhiteFideId "13803689"]
[BlackFideId "3701220"]
[WhiteElo "1702"]
[BlackElo "2001"]
[Result "1/2-1/2"]
[Round "05"]
[TimeControl "180+1"]
[Date "2022.02.08"]
[WhiteClock "0:01:17"]
[BlackClock "0:00:19"]

1. e4 e6 2. d4 d5 3. exd5 exd5 4. Nf3 Nf6 5. Bd3 Be7 6. O-O O-O 7. Re1 Re8 8. Bg5 Be6 9. Nc3 Nbd7 10. Ne5 c6 11. Nxd7 Qxd7 12. Qf3 h6 13. Bh4 Bg4 14. Qe3 Be6 15. Qd2 Qc7 16. Bg3 Bd6 17. Bxd6 Qxd6 18. Ne2 Rad8 19. Ng3 Rd7 20. c3 Rde7 21. h3 Bd7 22. Bf5 Rxe1+ 23. Rxe1 Rxe1+ 24. Qxe1 Kf8 25. Bxd7 Qxd7 26. Qe5 Qe7 27. Qb8+ Ne8 28. Qxa7 Qe1+ 29. Kh2 Qxf2 30. Qxb7 g6 31. Qxc6 Qxb2 32. Qxd5 Qxc3 33. Qc5+ Qxc5 34. dxc5 Ke7 35. Ne4 Ke6 36. Nc3 Kd7 37. a4 Kc6 38. Ne4 f5 39. Nd6 Nf6 40. Nf7 Ng8 41. Kg3 Kxc5 42. Kf4 Kb4 43. Nh8 Ne7 44. Ke5 Kxa4 45. Kf6 Nd5+ 46. Kxg6 Ne3 47. g3 Kb4 48. Kxh6 Kc4 49. Kg5 Kd4 50. Kf4 Kd3 51. Ng6 Kd4 52. h4 Nd5+ 53. Kxf5 Ke3 54. h5 Nc7 55. h6 Ne8 56. h7 Ng7+ 57. Kf6 Nh5+ 58. Kg5 Nxg3 59. h8=Q Ne4+ 60. Kf5 Ng3+ 61. Kg4 Ne4 62. Qe5 Kd3 63. Kf4 Nc3 64. Qe3+ Kc4 65. Ne5+ Kb3 66. Qd4 Ne2+ 67. Ke3 Nxd4 1/2-1/2


[Site "https://www.chess.com"]

[Event "Early Titled Tuesday Blitz | February 8 2022"]
[White "Estrada Nieto, Julian"]
[Black "Salimova, Nurgyul"]
[WhiteFideId "5101018"]
[BlackFideId "2915138"]
[WhiteElo "2246"]
[BlackElo "2185"]
[Result "1-0"]
[Round "05"]
[TimeControl "180+1"]
[Date "2022.02.08"]
[WhiteClock "0:00:03"]
[BlackClock "0:00:04"]

1. e4 c6 2. d4 d5 3. exd5 cxd5 4. Bd3 Nf6 5. Bf4 Bg4 6. Nf3 Nc6 7. c3 e6 8. Qb3 Bd6 9. Ne5 O-O 10. Qxb7 Na5 11. Qa6 Rb8 12. b4 Nc4 13. Bxc4 dxc4 14. Qxc4 Rc8 15. Qb3 Nd5 16. Bg3 Bxb4 17. Nxg4 Bxc3+ 18. Nxc3 Rxc3 19. Qd1 h5 20. O-O hxg4 21. Qxg4 Qf6 22. Be5 Qh6 23. Rab1 Rfc8 24. h4 Qh7 25. Rb7 Rc2 26. h5 Rd2 27. Rxa7 Rdc2 28. Rb7 Rc1 29. Rxc1 Rxc1+ 30. Kh2 Rc8 31. Qf3 Rf8 32. Bd6 Nf6 33. Bxf8 Nxh5 34. Rb8 Nf6+ 35. Kg1 Qc2 36. Be7+ Kh7 37. Bxf6 Qc1+ 38. Kh2 Qh6+ 39. Qh3 1-0


[Site "https://www.chess.com"]

[Event "Early Titled Tuesday Blitz | February 8 2022"]
[White "Eynullayev, Altay"]
[Black "Ezat, Mohamed"]
[WhiteFideId "13413562"]
[BlackFideId "10600906"]
[WhiteElo "2079"]
[BlackElo "2386"]
[Result "0-1"]
[Round "05"]
[TimeControl "180+1"]
[Date "2022.02.08"]
[WhiteClock "0:00:24"]
[BlackClock "0:00:24"]

1. e4 c5 2. Nf3 Nc6 3. Bb5 e6 4. O-O Nge7 5. Re1 a6 6. Bf1 d6 7. c3 g6 8. d4 cxd4 9. cxd4 Bg7 10. Nc3 O-O 11. Bg5 h6 12. Be3 d5 13. exd5 Nxd5 14. Nxd5 Qxd5 15. Rc1 b5 16. Rc5 Qd6 17. Qd2 Kh7 18. Bf4 Qd7 19. d5 exd5 20. Rxd5 Qb7 21. Bd3 Nb4 22. Be4 Nxd5 23. Bxd5 Qa7 24. Be3 Qb8 25. Bxa8 Qxa8 26. Bc5 Rg8 27. Re7 Be6 28. Nd4 Qd5 29. Qc3 Rc8 30. b4 Bxd4 0-1


[Site "https://www.chess.com"]

[Event "Early Titled Tuesday Blitz | February 8 2022"]
[White "Fajdetic, Hrvoje"]
[Black "Heinemann, Josefine"]
[WhiteFideId "14501945"]
[BlackFideId "12900460"]
[WhiteElo "2140"]
[BlackElo "2300"]
[Result "0-1"]
[Round "05"]
[TimeControl "180+1"]
[Date "2022.02.08"]
[WhiteClock "0:00:11"]
[BlackClock "0:00:28"]

1. d4 Nf6 2. Bf4 d5 3. e3 c5 4. Nc3 a6 5. dxc5 Nc6 6. Nf3 Bg4 7. Be2 e6 8. Na4 Bxc5 9. Nxc5 Qa5+ 10. c3 Qxc5 11. Ne5 Bxe2 12. Qxe2 Nxe5 13. Bxe5 Qe7 14. O-O O-O 15. c4 dxc4 16. Qxc4 Rac8 17. Qb3 Nd5 18. Rac1 b5 19. a4 Qb4 20. Qxb4 Nxb4 21. Bd6 Nd3 22. Rcd1 Nxb2 23. axb5 Nxd1 24. Bxf8 Kxf8 25. Rxd1 axb5 26. Rb1 Rb8 27. Rb4 Ke7 28. Kf1 Kd6 29. Ke2 Kc5 30. Rh4 b4 31. Kd1 b3 32. Kc1 h6 33. Kb2 f5 34. Ra4 g5 35. h4 Rb4 36. Ra6 Kd5 37. hxg5 hxg5 38. f3 Ke5 39. Ra5+ Kd6 40. Ra3 Kc5 41. Rxb3 Kc4 42. Rxb4+ Kxb4 43. Kc2 Kc4 44. g3 e5 45. g4 fxg4 46. fxg4 e4 47. Kd2 Kb3 48. Kd1 Kc3 49. Ke2 Kc2 50. Ke1 Kd3 51. Kf2 Kd2 52. Kg3 Kxe3 53. Kg2 Kf4 54. Kf2 Kxg4 55. Ke3 Kf5 56. Kf2 Kf4 57. Ke2 g4 58. Kf2 g3+ 59. Kg2 e3 0-1


[Site "https://www.chess.com"]

[Event "Early Titled Tuesday Blitz | February 8 2022"]
[White "Farmani Anosheh, Armin"]
[Black "Agasarov, Benik"]
[WhiteFideId "24613240"]
[BlackFideId "13314823"]
[WhiteElo "2289"]
[BlackElo "2583"]
[Result "0-1"]
[Round "05"]
[TimeControl "180+1"]
[Date "2022.02.08"]
[WhiteClock "0:00:11"]
[BlackClock "0:00:10"]

1. d4 d5 2. c4 e6 3. Nf3 Nf6 4. g3 Be7 5. Bg2 O-O 6. O-O dxc4 7. Qc2 a6 8. a4 Bd7 9. Qxc4 Bc6 10. Bg5 Nbd7 11. Nc3 Nd5 12. Bxe7 Qxe7 13. Nxd5 exd5 14. Qc2 Rfe8 15. e3 f6 16. Ne1 Rac8 17. Nd3 Nf8 18. b4 Qf7 19. Rfc1 Bd7 20. Nc5 b6 21. Nxa6 c6 22. Qb3 Be6 23. a5 bxa5 24. bxa5 Nd7 25. Qc3 h5 26. Nc5 Nxc5 27. Qxc5 h4 28. a6 h3 29. Bf1 Bg4 30. a7 Qe6 31. Ra6 Qf5 32. Rxc6 Ra8 33. Rc7 Qf3 34. Qc3 Kh8 35. Qd2 Re4 36. Rb7 Kh7 37. Ra1 Bf5 38. Rb8 Rg4 39. Rxa8 Be4 40. Rh8+ Kg6 0-1


[Site "https://www.chess.com"]

[Event "Early Titled Tuesday Blitz | February 8 2022"]
[White "Fernandez, Michael"]
[Black "Janaszak, Dawid"]
[WhiteFideId "5803560"]
[BlackFideId "1119206"]
[WhiteElo "2110"]
[BlackElo "2199"]
[Result "0-1"]
[Round "05"]
[TimeControl "180+1"]
[Date "2022.02.08"]
[WhiteClock "0:00:20"]
[BlackClock "0:00:42"]

1. c4 f5 2. g3 e6 3. Bg2 Nf6 4. Nc3 Be7 5. d3 O-O 6. e4 fxe4 7. dxe4 Nc6 8. Nge2 Qe8 9. O-O d6 10. h3 e5 11. Nd5 Nxd5 12. cxd5 Nd8 13. Be3 c5 14. dxc6 bxc6 15. f4 Rb8 16. Qd2 Rb7 17. fxe5 dxe5 18. Rxf8+ Bxf8 19. g4 Ne6 20. Rc1 c5 21. Nc3 Nd4 22. Nd5 Qa4 23. b3 Qa6 24. Rf1 Be6 25. Qf2 Rf7 26. Qb2 Qd3 27. Bxd4 cxd4 28. Rxf7 Bxf7 29. Qf2 Qd1+ 30. Kh2 d3 31. Bf3 Qc2 32. Kg2 Bc5 0-1


[Site "https://www.chess.com"]

[Event "Early Titled Tuesday Blitz | February 8 2022"]
[White "Fier, Alexandr"]
[Black "Hakobyan, Aram"]
[WhiteFideId "2107139"]
[BlackFideId "13306677"]
[WhiteElo "2569"]
[BlackElo "2557"]
[Result "1/2-1/2"]
[Round "05"]
[TimeControl "180+1"]
[Date "2022.02.08"]
[WhiteClock "0:00:34"]
[BlackClock "0:00:04"]

1. d4 Nf6 2. Bg5 g6 3. Bxf6 exf6 4. e3 Bg7 5. g3 h5 6. h4 f5 7. Bg2 d6 8. c4 Nd7 9. Ne2 Nf6 10. Nbc3 Kd7 11. Qd3 c6 12. b4 a6 13. O-O Re8 14. a4 Ke7 15. b5 axb5 16. axb5 Bd7 17. c5 d5 18. b6 Kf8 19. Ra7 Rxa7 20. bxa7 Qa5 21. Rb1 Qxa7 22. Rb6 Ra8 23. Qb1 Bc8 24. Nf4 Qa1 25. Nd3 Nd7 26. Rb3 Qxb1+ 27. Nxb1 Ra1 28. Bf1 Nf6 29. Nc3 Ne4 30. Nxe4 fxe4 31. Nf4 Bh6 32. Kg2 Bxf4 33. gxf4 Bg4 34. f3 Bxf3+ 35. Kf2 Ra2+ 36. Kg3 Ra7 37. Bh3 f5 38. Bf1 Ke7 39. Kf2 Kd8 40. Rb2 Kc7 41. Bh3 Ra1 42. Bf1 Ra4 43. Bh3 Ra3 44. Bf1 Ra1 45. Bh3 Rh1 46. Kg3 Bg4 47. Bg2 Rc1 48. Kf2 Ra1 49. Bf1 Bd1 50. Bg2 Ra3 51. Bf1 Bb3 52. Be2 Bc4 53. Bd1 Ra1 54. Ke1 Bb5 55. Kd2 Ba4 56. Be2 Rh1 57. Ra2 Bb5 58. Bxb5 cxb5 59. Ra8 b4 60. Kc2 Rxh4 61. Rg8 Rg4 62. Kb3 h4 63. Kxb4 h3 64. Rh8 Rg3 65. Kb5 Rxe3 66. Rh7+ Kc8 67. Rh8+ Kc7 68. Rh7+ Kb8 69. c6 bxc6+ 70. Kxc6 Rc3+ 71. Kxd5 Rf3 72. Kc6 e3 73. Rh8+ Ka7 74. Rh7+ Kb8 75. Rh8+ Ka7 76. Rh7+ Ka6 77. Rh8 Ka5 78. Kc5 Ka4 79. Kc4 Ka3 80. Kd3 Rxf4 81. Rxh3 Re4 82. Rxe3 Rxe3+ 83. Kxe3 Kb4 84. Kf4 Kb5 85. Ke5 Kb6 86. Ke6 f4 87. d5 f3 88. d6 f2 89. d7 f1=Q 90. d8=Q+ Kb5 91. Qd7+ Kb4 92. Qd6+ Kc3 93. Qe5+ Kd2 94. Qg5+ Kc3 95. Qxg6 Qc4+ 96. Kf6 Qc6+ 97. Kg7 Qxg6+ 98. Kxg6 1/2-1/2


[Site "https://www.chess.com"]

[Event "Early Titled Tuesday Blitz | February 8 2022"]
[White "Flis, Pawel"]
[Black "Golsta, Madara"]
[WhiteFideId "1112864"]
[BlackFideId "11607386"]
[WhiteElo "1735"]
[BlackElo "1997"]
[Result "0-1"]
[Round "05"]
[TimeControl "180+1"]
[Date "2022.02.08"]
[WhiteClock "0:00:04"]
[BlackClock "0:00:02"]

1. e4 c5 2. d4 cxd4 3. Nf3 g6 4. Nxd4 Bg7 5. c4 Nc6 6. Be3 d6 7. Nc3 Nf6 8. Be2 O-O 9. O-O Bd7 10. f3 a5 11. Qd2 Nxd4 12. Bxd4 Bc6 13. Kh1 Nd7 14. Bxg7 Kxg7 15. Nd5 Nc5 16. b3 h5 17. Rab1 Bxd5 18. exd5 Qd7 19. Bd3 h4 20. Rfe1 Rab8 21. Re3 Nxd3 22. Qxd3 b5 23. Rbe1 Rfe8 24. Qd4+ Kg8 25. Qxh4 bxc4 26. bxc4 Rb4 27. f4 Rxc4 28. Rh3 Kg7 29. Qh6+ Kf6 30. Qh4+ Kg7 31. g4 Rg8 32. Qh7+ Kf8 33. Qh6+ Ke8 34. Qh7 Kf8 35. Rb1 Rc8 36. Qh6+ Ke8 37. Qh7 Rf8 38. f5 gxf5 39. gxf5 a4 40. f6 e6 41. dxe6 Qc6+ 42. Kg1 Qc5+ 43. Kf1 Qc4+ 44. Kf2 Qd4+ 0-1


[Site "https://www.chess.com"]

[Event "Early Titled Tuesday Blitz | February 8 2022"]
[White "Gabdrakhmanov, Azat"]
[Black "Stankovic, Ivan G"]
[WhiteFideId "34189197"]
[BlackFideId "902837"]
[WhiteElo "2279"]
[BlackElo "2195"]
[Result "1-0"]
[Round "05"]
[TimeControl "180+1"]
[Date "2022.02.08"]
[WhiteClock "0:00:16"]
[BlackClock "0:00:09"]

1. e4 c5 2. Nf3 Nc6 3. d4 cxd4 4. Nxd4 g6 5. Nc3 Bg7 6. Nb3 Nf6 7. Be2 O-O 8. O-O d6 9. Re1 a5 10. a4 Be6 11. Bf1 Qc8 12. Nb5 Rd8 13. N3d4 Nxd4 14. Nxd4 Bc4 15. Bd3 Nd7 16. Nb5 Ne5 17. Bxc4 Nxc4 18. Rb1 d5 19. exd5 e6 20. b3 Rxd5 21. Qe2 Nd6 22. c4 Nxb5 23. axb5 Rd7 24. Be3 a4 25. bxa4 Rxa4 26. Rbc1 Rc7 27. c5 Bd4 28. c6 Bxe3 29. Qxe3 bxc6 30. b6 Rb7 31. Rb1 Ra6 32. Rb2 Qb8 33. Reb1 Qa8 34. h4 Ra1 35. h5 Rxb1+ 36. Rxb1 Qa2 37. Rd1 Rb8 38. Qe5 Rf8 39. h6 f6 40. Qc7 Rf7 41. Rd8+ 1-0


[Site "https://www.chess.com"]

[Event "Early Titled Tuesday Blitz | February 8 2022"]
[White "Gaehwiler, Gabriel"]
[Black "Paravyan, David"]
[WhiteFideId "1314530"]
[BlackFideId "4194985"]
[WhiteElo "2383"]
[BlackElo "2569"]
[Result "1-0"]
[Round "05"]
[TimeControl "180+1"]
[Date "2022.02.08"]
[WhiteClock "0:00:11"]
[BlackClock "0:00:11"]

1. d4 Nf6 2. c4 g6 3. g3 d5 4. Nf3 dxc4 5. Na3 Be6 6. Bg2 Bg7 7. Ng5 Bd5 8. e4 Bc6 9. d5 h6 10. dxc6 Qxd1+ 11. Kxd1 Nxc6 12. Nh3 O-O-O+ 13. Ke2 Nd4+ 14. Kf1 b5 15. Be3 Ng4 16. Rd1 Nxe3+ 17. fxe3 Ne6 18. Ke2 Bxb2 19. Nxb5 c3 20. e5 c6 21. Bxc6 c2 22. Rc1 Bxc1 23. Rxc1 a6 24. Nc3 Kb8 25. Rxc2 Ka7 26. Nd5 Ng5 27. Nhf4 e6 28. Ne7 Kb6 29. Bg2 Rd7 30. Rb2+ Ka5 31. Nc6+ Ka4 32. Nd3 Ka3 33. Rb3+ Kxa2 34. Nc1+ Ka1 35. Nd4 Rc8 36. Nd3 Rdc7 37. Kd2 Rc4 38. h4 Ra4 39. Bc6 Ra2+ 40. Kc3 Ne4+ 41. Kb4 Rb8+ 42. Kc4 Nd2+ 43. Kc3 Nxb3 44. Nxb3+ Kb1 45. Be4 Rc2+ 46. Kd4 Rb4+ 47. Nxb4 Kb2 48. Bxc2 Ka3 49. Nc5 a5 50. Nca6 axb4 51. Nxb4 Kxb4 52. Be4 Kb5 53. h5 g5 54. Bh7 Kc6 55. Bg8 Kd7 56. Bxf7 Ke7 57. Bg6 Kd7 58. Kc5 Kc7 59. Be4 Kd7 60. g4 Kc7 61. Bc6 Kd8 62. Kd6 Kc8 63. Kxe6 Kc7 64. Kf7 Kb6 65. e6 1-0


[Site "https://www.chess.com"]

[Event "Early Titled Tuesday Blitz | February 8 2022"]
[White "Garcia Martin, Marta"]
[Black "Sanal, Vahap"]
[WhiteFideId "32084030"]
[BlackFideId "6300545"]
[WhiteElo "2102"]
[BlackElo "2603"]
[Result "0-1"]
[Round "05"]
[TimeControl "180+1"]
[Date "2022.02.08"]
[WhiteClock "0:00:02"]
[BlackClock "0:00:58"]

1. Nf3 Nf6 2. e3 e6 3. c4 b6 4. Nc3 Bb7 5. Be2 Be7 6. O-O O-O 7. b3 d5 8. Bb2 Nbd7 9. d4 c5 10. cxd5 exd5 11. Rc1 Rc8 12. dxc5 bxc5 13. Na4 Ne4 14. Qc2 Bd6 15. Rfd1 f5 16. Bb5 Ndf6 17. h3 Qe7 18. Qe2 Rc7 19. Ba6 Ba8 20. Rc2 g5 21. Nd2 h5 22. Nxe4 fxe4 23. Rdc1 g4 24. Ba3 gxh3 25. Bxc5 Qg7 26. Qf1 Bxc5 27. Rxc5 Rcf7 28. Rc8 Ng4 29. Rxf8+ Rxf8 30. Rc8 h2+ 31. Kh1 Qf6 32. Rxf8+ Kxf8 33. Be2 Nxf2+ 34. Kxh2 Ng4+ 35. Kg1 Qxf1+ 36. Kxf1 Nxe3+ 37. Kf2 d4 38. Bxh5 Nd5 39. Nc5 e3+ 40. Ke1 Nf4 41. Bf3 Bxf3 42. gxf3 Ke7 43. Kd1 Kd6 44. Ne4+ Ke5 45. Ng3 d3 46. b4 Ng2 47. a4 Kf4 48. Ne4 e2+ 0-1


[Site "https://www.chess.com"]

[Event "Early Titled Tuesday Blitz | February 8 2022"]
[White "Goltseva, Ekaterina"]
[Black "Barrientos, Sergio E"]
[WhiteFideId "24173770"]
[BlackFideId "4401824"]
[WhiteElo "2140"]
[BlackElo "2441"]
[Result "1-0"]
[Round "05"]
[TimeControl "180+1"]
[Date "2022.02.08"]
[WhiteClock "0:00:27"]
[BlackClock "0:01:10"]

1. d4 Nf6 2. c4 c5 3. d5 b5 4. cxb5 a6 5. bxa6 g6 6. Nc3 Bg7 7. e4 O-O 8. Be2 Qa5 9. Bd2 Bxa6 10. e5 Ne8 11. Nf3 Bxe2 12. Qxe2 d6 13. e6 f5 14. h4 Nf6 15. h5 gxh5 16. Ng5 Qa6 17. Nb5 h6 18. Nf7 Kh7 19. Rxh5 Nxh5 20. Qxh5 Qxb5 21. Nxh6 Qxb2 22. Nxf5+ Bh6 23. Qxh6+ Kg8 24. Nxe7# 1-0


[Site "https://www.chess.com"]